 Dungeon Crawl Stone Soup version 0.32-a0-933-ga8fa3634e4 (webtiles) character file.

Game seed: 7533414956328736812

227 JeszeEnbee the Apothecary (level 6, -2/41 HPs)
             Began as a Merfolk Alchemist on Apr 14, 2024.
             Slain by a gnoll bouda
             ... wielding a +0 club
              (6 damage)
             ... on level 4 of the Dungeon.
             The game lasted 00:06:40 (4397 turns).

JeszeEnbee the Apothecary (Merfolk Alchemist)       Turns: 4397, Time: 00:06:41

Health: -2/41      AC:  3    Str: 10    XL:     6   Next: 2%
Magic:  2/10       EV: 11    Int: 15    God:
Gold:   135        SH:  0    Dex: 14    Spells: 3/11 levels left

rFire   . . .        d - staff of alchemy
rCold   . . .        (no shield)
rNeg    . . .        a - +0 robe
rPois   +            m - +0 helmet
rElec   .            (no cloak)
rCorr   .            (no gloves)
SInv    .            (no boots)
Will    .....        (no amulet)
Stlth   +++          (no ring)
HPRegen 0.26/turn    (no ring)
MPRegen 0.12/turn

%: no passive effects
@: marked, very slightly contaminated
A: (nimble swimmer 2), mertail
a: no special abilities


You were on level 4 of the Dungeon.
You visited 1 branch of the dungeon, and saw 5 of its levels.

You collected 135 gold pieces.

Inventory:

Armour
 a - a +0 robe (worn)
 l - the +2 scale mail of the Arena {*Slow Int+4}
   (You found it on level 2 of the Dungeon)

   Int+4:     It affects your intelligence (+4).
   *Slow:     It may slow you when you take damage.
 m - a +0 helmet (worn)
Magical Staves
 d - a staff of alchemy (weapon)
Jewellery
 o - an amulet of guardian spirit
Wands
 t - a wand of polymorph (6)
Scrolls
 c - 5 scrolls of identify {unknown}
 f - 3 scrolls of teleportation {unknown}
 h - a scroll of brand weapon {unknown}
 i - a scroll of butterflies {unknown}
 j - a scroll of revelation {unknown}
 p - a scroll of poison {unknown}
 r - a scroll of vulnerability {unknown}
 y - a scroll of enchant weapon {unknown}
 A - a scroll of fog {unknown}
 B - a scroll of noise {unknown}
Potions
 b - a potion of magic
 e - a potion of curing {unknown}
 g - a potion of resistance {unknown}
 k - a potion of degeneration {unknown}
 n - 2 potions of enlightenment {unknown}
 q - a potion of brilliance {unknown}
 s - a potion of mutation {unknown}
 u - a potion of attraction {unknown}
 v - a potion of invisibility {unknown}
 w - 2 potions of lignification {unknown}
 x - a potion of might {unknown}
 z - a potion of heal wounds {unknown}


   Skills:
 - Level 2.6 Dodging
 + Level 3.9 Stealth
 + Level 3.2 Spellcasting
 - Level 0.7 Conjurations
 * Level 6.7 Alchemy


You had 3 spell levels left.
You knew the following spells:

 Your Spells              Type           Power      Damage    Failure   Level
a - Sting                 Conj/Alch      80%        1d8       4%          1
b - Olgreb's Toxic Radia  Alch           33%        N/A       12%         4
c - Mephitic Cloud        Conj/Alch/Air  14%        N/A       22%         3

Your spell library contained the following spells:

 Spells                   Type           Power      Damage    Failure   Level
 Mercury Vapours          Alch/Air       36%        N/A       8%          2
 Freeze                   Ice            8%         1d3       21%         1
 Hailstorm                Conj/Ice       3%         3d5       45%         3
 Frozen Ramparts          Ice            4%         1d1       52%         3
 Summon Ice Beast         Ice/Summ       2%         N/A       52%         3
 Sticky Flame             Fire/Alch      18%        2d6       43%         4
 Summon Mana Viper        Hex/Summ       2%         N/A       99%         5
 Monstrous Menagerie      Summ           1%         N/A       100%        7


Dungeon Overview and Level Annotations

Branches:
Dungeon (5/15)
 Temple: D:4-7

Altars:
Xom

Annotations:
D:4 exclusion: scorpion
D:5 Dowan, Duvessa, Menkaure


Innate Abilities, Weirdness & Mutations

((You are very nimble when in or above water. (Stealth+, EV+, Speed+++)))
Your lower body shifts to a powerful aquatic tail in water.


Message History

The sting hits the gnoll bouda but does no damage.
The gnoll bouda looks even sicker.
The gnoll bouda is severely wounded.
The gnoll hits you with a +0 flail.
* * * LOW HITPOINT WARNING * * *
Casting: Sting (safe; 4% risk of failure)
Confirm with . or Enter, or press ? or * to list all spells.
Aiming: Sting (safe; 4% risk of failure)
Press: ? - help, Shift-Dir - straight line, f/p - gnoll
Aim: a gnoll, wielding a +0 flail (heavily wounded, covering ground quickly, poisoned, 79% to hit)
You feel a surge of power!
The sting hits the gnoll.
The gnoll looks even sicker.
You kill the gnoll!
The gnoll bouda mumbles some strange prayers to its god.
The gnoll bouda is healed somewhat.
You have reached level 6!
Unknown command.
Unknown command.
Casting: Sting (safe; 4% risk of failure)
Confirm with . or Enter, or press ? or * to list all spells.
Aiming: Sting (safe; 4% risk of failure)
Press: ? - help, Shift-Dir - straight line, f - gnoll bouda
Aim: a gnoll bouda, wielding a +0 club and wearing a +0 robe (heavily wounded, very poisoned, 79% to hit)
You feel a surge of power!
You miscast Sting.
You are very lightly contaminated with residual magic.
Nothing appears to happen.
Your attacks no longer feel as feeble.
Unknown command.
Casting: Sting (safe; 4% risk of failure)
Confirm with . or Enter, or press ? or * to list all spells.
Aiming: Sting (safe; 4% risk of failure)
Press: ? - help, Shift-Dir - straight line, f/p - gnoll bouda
Aim: a gnoll bouda, wielding a +0 club and wearing a +0 robe (heavily wounded, very poisoned, 79% to hit)
You feel a surge of power!
You miscast Sting.
Nothing appears to happen.
The gnoll bouda hits you with a +0 club!
* * * LOW HITPOINT WARNING * * *
You barely miss the gnoll bouda.
The gnoll bouda is heavily wounded.
The gnoll bouda hits you with a +0 club.
You die...

..## ##.........#
###รท###......#.
...###.......##.###.....+......'.
.....#.##...#...##..#####......#.
...........##.#.##.#############.
.................................
..##.#...........................
.................................
##........###################...#
......#...#....g@...........#...#
..........#.#####'#########.#.[.#
......##..#.#.............#.#....
....#.....#g#.............#.#....
##........#>#....)........#.#....
....#.#...#.#.............#.#....
##).#.#...#.#.............#.#....
##..#.#...#.#.............#.#....
..........#.#.............#.#....


You could see a gnoll bouda (poisoned).

Vanquished Creatures
  A howler monkey (D:4)
  An orc priest (D:4)
  Ijyb (D:3)
  2 gnolls (D:4)
  3 adders
  2 ufetubi (D:5)
  A dart slug (D:3)
  A ribbon worm (D:2)
  4 orcs
  7 endoplasms
  A giant cockroach (D:2)
  7 goblins
  7 hobgoblins
  2 jackals (D:1)
  2 quokkas
  4 ball pythons
  8 bats
  5 frilled lizards
  9 kobolds
  4 rats
72 creatures vanquished.

Notes
Turn   | Place    | Note
-------+----------+-------------------------------------------
     0 | D:1      | JeszeEnbee the Merfolk Alchemist began the quest for the
                  | Orb.
     0 | D:1      | Reached XP level 1. HP: 13/13 MP: 3/3
   230 | D:1      | Reached XP level 2. HP: 18/19 MP: 0/5
  1271 | D:2      | Identified the +2 scale mail of the Arena {*Slow Int+4}
  1287 | D:2      | Found a shimmering altar of Xom.
  1290 | D:2      | Reached XP level 3. HP: 24/24 MP: 4/6
  1465 | D:2      | Reached skill level 5 in Alchemy
  2231 | D:3      | Noticed Ijyb
  2392 | D:3      | Reached XP level 4. HP: 30/30 MP: 4/7
  2486 | D:3      | Killed Ijyb
  2815 | D:3      | Found a faded altar of an unknown god.
  3184 | D:3      | Learned a level 4 spell: Olgreb's Toxic Radiance
  3188 | D:3      | Learned a level 3 spell: Mephitic Cloud
  3358 | D:4      | Noticed a scorpion
  3470 | D:4      | Reached skill level 6 in Alchemy
  3470 | D:4      | Reached XP level 5. HP: 30/35 MP: 2/9
  4068 | D:5      | Entered Level 5 of the Dungeon
  4171 | D:5      | Noticed Duvessa
  4171 | D:5      | Noticed Dowan
  4172 | D:5      | Noticed a water moccasin
  4235 | D:5      | Noticed Menkaure
  4380 | D:5      | Noticed a water moccasin
  4395 | D:4      | Reached XP level 6. HP: 12/41 MP: 4/10
  4397 | D:4      | Slain by a gnoll bouda

Illustrated notes

Levels and vault maps discovered:
D:1:      ldierk_walled_garden_2, layout_loops_ring
D:2:      layout_basic, basic_altar, chequers_serial_rivers_small_b
D:3:      layout_loops_cross, nicolae_ecumenical_snake_handling, uniq_ijyb
D:4:      layout_basic
D:5:      layout_rooms, zin_angel, fountainhead, uniq_menkaure, uniq_duvessa

Skill      XL: |  1  2  3  4  5 |
---------------+----------------+-----
Alchemy        | 5 6 |  6.7
Stealth        | 3 |  3.9
Spellcasting   | 3 |  3.2
Dodging        | |  2.6
Conjurations   | |  0.7

Action                     |  1- 3 |  4- 6 || total
---------------------------+-------+-------++-------
  Melee: Staff             |    45 |    19 ||    64
         Unarmed           |       |     9 ||     9
   Cast: Sting             |    75 |    66 ||   141
         Olgreb's Toxic Ra |       |     1 ||     1
 Armour: Robe              |    47 |    35 ||    82
         Skin              |       |     2 ||     2
  Dodge: Dodged            |    53 |    57 ||   110

Table legend: (Time is in decaauts)
 A = Elapsed time spent in this place.
 B = Non-inter-level travel time spent in this place.
 C = Inter-level travel time spent in this place.
 D = Time resting spent in this place.
 E = Time spent auto-exploring this place.
 F = Levels seen in this place.
 G = Mean time per level.
                   A        B        C        D        E       F      G
               +--------+--------+--------+--------+--------+-----+--------+
         Total |   4401 |   3894 |    507 |     69 |   3186 |   5 |  880.2 |
       Dungeon |   4401 |   3894 |    507 |     69 |   3186 |   5 |  880.2 |
               +--------+--------+--------+--------+--------+-----+--------+

Top non-repeatable levels by time:
     D:1: 1268 daAuts
     D:4: 1182 daAuts
     D:2: 989 daAuts
     D:3: 929 daAuts
     D:5: 30 daAuts
